AoeStats
← [̲̅2̲̅D̲̅]

African Clearing

510745255Analyzed
2v2 RM · 11h ago on Oct 2, 2026· 49m 3s· 4 players
Game mode
Random Map
Map size
Medium (4 player)
Population
200
Speed
Normal
Resources
Standard
Victory
Conquest
Starting age
Dark Age
Ending age
Imperial Age
RankedLock teamsTeams togetherTeam positionsShared explorationLock speedFull tech treeHidden civsTurbo modeCheats
Victory
Defeat
🇮🇹 Burgundians · Italy
824
+16
🇧🇷 Italians · Brazil
787
+18
🇨🇳 Berbers · China
829
-17
🇨🇳 Huns · China
829
-17
大哈巴犬
3:13 Loom
13:45 Feudal Age
20:43 Castle Age
20:20 Double-Bit Axe
22:02 Bow Saw
21:34 Horse Collar
24:25 Husbandry
26:05 Heavy Plow
26:55 Bloodlines
36:31 Imperial Age
37:48 Conscription
39:55 Crop Rotation
40:28 Fletching
42:32 Wheelbarrow
46:22 Chemistry
45:26 Elite Genitour
46:23 Thumb Ring
one a fish
15:25 Feudal Age
16:19 Loom
16:27 Double-Bit Axe
17:44 Horse Collar
21:32 Castle Age
22:10 Stone Mining
22:13 Gold Mining
24:17 Wheelbarrow
23:58 Bow Saw
24:25 Heavy Plow
33:18 Imperial Age
34:29 Marauders
34:41 Husbandry
35:48 Two-Man Saw
35:35 Gold Shaft Mining
35:15 Bloodlines
VioletRayLegacy
4:54 Loom
16:01 Feudal Age
14:18 Double-Bit Axe
17:42 Bow Saw
24:29 Castle Age
24:04 Fletching
24:16 Scale Mail Armor
25:10 Stone Mining
26:43 Two-Man Saw
25:26 Horse Collar
26:11 Husbandry
27:33 Heavy Plow
29:22 Wheelbarrow
32:28 Cavalier
33:44 Hand Cart
35:58 Scale Barding Armor
36:31 Pikeman
39:16 Crop Rotation
43:14 Imperial Age
41:43 Chain Mail Armor
43:11 Squires
42:57 Arson
43:33 Chain Barding Armor
43:39 Light Cavalry
44:35 Halberdier
46:00 Bodkin Arrow
47:46 Conscription
49:45 Plate Barding Armor
49:12 Padded Archer Armor
48:35 Elite Skirmisher
[̲̅2̲̅D̲̅]
14:30 Feudal Age
13:43 Loom
15:09 Double-Bit Axe
17:18 Stone Mining
22:25 Castle Age
21:22 Gold Mining
25:44 Pikeman
26:57 Bow Saw
27:41 Squires
29:39 Scale Mail Armor
31:13 Horse Collar
32:35 Padded Archer Armor
32:25 Fletching
33:25 Wheelbarrow
34:36 Leather Archer Armor
34:16 Bodkin Arrow
35:34 Stone Shaft Mining
35:48 Arson
40:36 Imperial Age
37:55 Man-at-Arms
39:41 Heavy Plow
43:23 Chemistry
42:43 Ballistics
43:37 Two-Man Saw
46:19 Chain Mail Armor
46:00 Bodkin Arrow
46:15 Forging
Connection lost

Rejoining the realm…

Still unreachable

The connection could not be restored.

Session expired

The server has moved on; the page needs a fresh start.